Map: Blackburn LE

Players

Hazmatt

  • Race: Terran Terran
  • League: Silver

Throwfordays - Winner!

  • Race: Terran Terran
  • League: Gold

VOD

Have the link to the VOD?

Description

Time

  • Played on: Aug. 27, 2021, 7:58 p.m.
  • Length: 5:36
Show
View Real Time Build Order
Export as new Build Order

Hazmatt Terran 

Build Orders:  

Get SALT Encoding   

  12  0:00  SCV  
  13  0:12  SCV  
  14  0:18  Refinery  
  14  0:27  SCV  
  15  0:32  Supply Depot  
  15  0:54  SCV  
  16  0:58  Barracks  
  16  1:06  SCV, Barracks  
  17  1:18  SCV  
  18  1:30  SCV  
  19  1:42  SCV  
  20  1:49  Supply Depot  
  20  1:51  Marine  
  21  1:54  SCV  
  21  1:55  Marine  
  21  1:57  Refinery  
  23  2:10  SCV  
  23  2:12  Supply Depot  
  23  2:15  Marine x2  
  25  2:22  SCV  
  27  2:28  Factory  
  27  2:34  SCV  
  27  2:35  Supply Depot  
  27  2:44  Marine x2  
  27  2:47  SCV  
  30  3:02  Marine x2  
  32  3:11  Supply Depot  
  32  3:14  Factory Tech Lab  
  28  3:32  SCV  
  28  3:43  Barracks Reactor x2  
  24  3:54  Siege Tank  
  27  4:04  SCV  
  27  4:05  Command Center  
  28  4:17  SCV  
  29  4:24  Marine x4  
  29  4:35  Factory Tech Lab  
  26  4:41  Marine x2  
  26  4:42  Marine x2  
  30  4:59  Marine x2, Factory Tech Lab  
  27  5:00  Marine x2  
  23  5:07  SCV  
  16  5:17  Marine x2  
  16  5:18  Marine x2  
  16  5:19  SCV  
Show
View Real Time Build Order
Export as new Build Order

Throwfordays Terran - Winner!

Build Orders:  

Get SALT Encoding   

  12  0:00  SCV  
  13  0:12  SCV  
  14  0:17  Supply Depot  
  14  0:24  SCV  
  15  0:29  Refinery  
  15  0:39  SCV  
  16  0:46  Barracks  
  16  0:51  SCV  
  17  1:00  Supply Depot  
  17  1:05  SCV  
  18  1:17  SCV  
  19  1:29  SCV  
  19  1:31  Barracks  
  20  1:34  Reaper  
  21  1:41  SCV  
  21  1:45  Refinery  
  22  1:56  Barracks  
  22  2:02  SCV  
  22  2:06  Reaper  
  24  2:15  SCV  
  25  2:18  Reaper  
  26  2:27  SCV  
  27  2:39  Reaper  
  28  2:50  Reaper  
  28  2:51  Reaper  
  30  2:59  Supply Depot x2  
  30  3:11  Reaper  
  31  3:22  Reaper  
  31  3:23  Reaper  
  31  3:24  Engineering Bay  
  32  3:46  Reaper  
  31  3:54  Reaper  
  31  3:55  Reaper  
  33  4:18  Reaper  
  33  4:27  Reaper x2  
  34  4:50  Reaper  
  35  4:59  Reaper x2  
Tags
 
Matchup
TvT
Race
Terran
Replay Pack
Multiplayer
Add a new tag
Caveats
  • Supply blocks, unpowered buildings, or Contaminate may cause inaccurate times.
  • Supply counts are checked every 10 seconds.